 Dungeon Crawl Stone Soup version 0.30-a0-879-ga8ba668304 (webtiles) character file.

Game seed: 15989837584203925498

325431 ho4mwr the Peltast (level 21, -28/141 HPs)
             Began as a Tengu Gladiator on Mar 13, 2023.
             Was a High Priest of Elyvilon.
             Annihilated by a stone giant (29 damage)
             ... while paralysed by a great orb of eyes
             ... on level 3 of the Vaults.
             The game lasted 02:57:57 (46910 turns).

ho4mwr the Peltast (Tengu Gladiator)               Turns: 46910, Time: 02:57:57

Health: -28/141    AC: 11    Str: 14    XL:     21   Next: 62%
Magic:  25/25      EV:  2    Int:  4    God:    Elyvilon [*****.]
Gold:   4761       SH:  0    Dex: 27    Spells: 28/28 levels left

rFire   + . .      SeeInvis .    j - +9 scimitar (flame)
rCold   + . .      Faith    .    X - +0 tower shield
rNeg    . . .      Spirit   .    p - +3 leather armour of Recklessness {rF+ rC+ rCorr Str-3}
rPois   .          Reflect  +    c - +0 hat
rElec   .          Rampage  .    B - +2 cloak
rCorr   +                        v - +1 pair of gloves "Lualirun" {Str+3 Dex+3 Slay+2}
Will    .....                    (boots unavailable)
Stlth   ++                       w - amulet of reflection
HPRegen 0.00/turn                n - +5 ring of evasion
MPRegen 0.19/turn                Q - +5 ring of evasion

@: paralysed, lethally poisoned (-28 -> -36), weak-willed, flying quickly and
evasively, inhibited regen, unable to read, quick
A: beak, talons 3, nimble flight, deformed body, dopey 2, low MP 1, screaming 2,
inhibited regeneration, weak 2, inability to read after injury 1
}: 2/15 runes: decaying, gossamer
a: Renounce Religion, Purification, Heal Other, Heal Self, Divine Vigour


   Skills:
 - Level 18.0 Fighting
 + Level 18.5 Long Blades
 - Level 8.0 Throwing
 - Level 8.0 Armour
 - Level 20.0 Dodging
 - Level 20.0 Shields
 - Level 4.0 Spellcasting
 - Level 8.0 Invocations


You had 28 spell levels left.
You didn't know any spells.
Your spell library contained the following spells:

 Spells                   Type           Power      Damage    Failure   Level
 Beastly Appendage        Tmut           0%         N/A       67%         1
 Foxfire                  Conj/Fire      0%         2x1d4     67%         1
 Sandblast                Erth           0%         2d4       67%         1
 Shock                    Conj/Air       0%         1d3       67%         1
 Lesser Beckoning         Tloc           0%         N/A       82%         2
 Passwall                 Tmut/Erth      0%         N/A       82%         2
 Sublimation of Blood     Necr           0%         N/A       82%         2
 Wereblood                Tmut           0%         N/A       82%         2
 Confusing Touch          Hex            0%         N/A       96%         3
 Dazzling Flash           Conj/Hex       0%         N/A       96%         3
 Gell's Gravitas          Tloc           0%         N/A       96%         3
 Ignite Poison            Fire/Tmut/Pois 0%         N/A       96%         3
 Inner Flame              Hex/Fire       0%         N/A       96%         3
 Kindle Blastsparks       Fire/Tloc/Air  0%         2d10      96%         3
 Spider Form              Tmut/Pois      0%         N/A       96%         3
 Stone Arrow              Conj/Erth      0%         3d7       96%         3
 Swiftness                Air            0%         N/A       96%         3
 Teleport Other           Tloc           0%         N/A       96%         3
 Vhi's Electric Charge    Tloc/Air       0%         N/A       96%         3
 Airstrike                Air            0%         2d(0-16)  100%        4
 Anguish                  Hex/Necr       0%         N/A       100%        4
 Cause Fear               Hex            0%         N/A       100%        4
 Fulminant Prism          Conj/Hex       0%         3d5       100%        4
 Iskenderun's Mystic Bla  Conj/Tloc      0%         2d3       100%        4
 Leda's Liquefaction      Hex/Erth       0%         N/A       100%        4
 Alistair's Intoxication  Tmut/Pois      0%         N/A       100%        5
 Arcjolt                  Conj/Air       0%         1d10      100%        5
 Borgnjor's Vile Clutch   Necr/Erth      0%         N/A       100%        5
 Fireball                 Conj/Fire      0%         3d3       100%        5
 Freezing Cloud           Conj/Ice/Air   0%         6-21      100%        5
 Lee's Rapid Deconstruct  Erth           0%         3d4*      100%        5
 Summon Forest            Summ/Tloc      0%         N/A       100%        5
 Yara's Violent Unravell  Hex/Tmut       0%         3d3       100%        5
 Conjure Ball Lightning   Conj/Air       0%         3x3d6     100%        6
 Eringya's Noxious Bog    Tmut/Pois      0%         N/A       100%        6
 Starburst                Conj/Fire      0%         6d3       100%        6
 Statue Form              Tmut/Erth      0%         N/A       100%        6
 Enfeeble                 Hex            0%         N/A       100%        7
 Summon Hydra             Summ           0%         N/A       100%        7
 Discord                  Hex            0%         N/A       100%        8
 Disjunction              Tloc           0%         N/A       100%        8
 Maxwell's Capacitive Co  Air            0%         ∞         100%        8


Innate Abilities, Weirdness & Mutations

You have a beak for a mouth.
You have claws for feet.
Your magical nature lets you fly swiftly and evasively.
Armour fits poorly on your strangely shaped body.
You are very dopey. (Int -4)
Your magical capacity is low. (-10% MP)
You frequently scream uncontrollably at your foes.
You do not regenerate when monsters are visible.
You are very weak. (Str -4)
You occasionally lose the ability to read scrolls when taking damage.

Inventory:

Hand Weapons
 j - a +9 scimitar of flaming (weapon)
 D - the +7 falchion "Yfoesiku" {freeze, rPois rC+}
   (You found it on level 3 of the Swamp)

   rC:        It protects you from cold.
   rPois:     It protects you from poison.
 J - the +1 falchion "Yhou" {elec, rC++ Str-4}
   (You found it on level 2 of the Lair of Beasts)

   Str:       It affects your strength (-4).
   rC:        It greatly protects you from cold.
Missiles
 d - 3 throwing nets
 g - 215 stones
 q - 71 poisoned darts
 y - 6 boomerangs
 E - 9 silver boomerangs (quivered)
 H - 5 javelins
Armour
 c - a +0 hat (worn)
 l - the +0 cloak "Zebob" {rPois rN++ Will- SInv}
   (You found it on level 2 of the Swamp)

   rPois:     It protects you from poison.
   rN:        It greatly protects you from negative energy.
   SInv:      It lets you see invisible.
   Will:      It decreases your willpower.
 p - the +3 leather armour of Recklessness (worn) {rF+ rC+ rCorr Str-3}
   (You found it on level 2 of the Dungeon)

   Str:       It affects your strength (-3).
   rF:        It protects you from fire.
   rC:        It protects you from cold.
   rCorr:     It protects you from acid and corrosion.
 v - the +1 pair of gloves "Lualirun" (worn) {Str+3 Dex+3 Slay+2}
   (You found it in a volcano)

   Str:       It affects your strength (+3).
   Dex:       It affects your dexterity (+3).
   Slay:      It affects your accuracy & damage with ranged weapons and melee
   (+2).
 B - a +2 cloak (worn)
 X - a +0 tower shield (worn)
Jewellery
 b - a ring of ice
 k - an amulet of regeneration
 m - a ring of wizardry
 n - a +5 ring of evasion (left hand)
 t - a ring of poison resistance
 w - an amulet of reflection (around neck)
 N - a ring of wizardry
 Q - a +5 ring of evasion (right hand)
 W - a ring of see invisible
Wands
 f - a wand of light (13)
 i - a wand of digging (24)
 r - a wand of flame (74)
 G - a wand of roots (42)
 L - a wand of polymorph (19)
 R - a wand of charming (10)
Scrolls
 e - a scroll of blinking
 x - a scroll of fog
 C - a scroll of silence
 F - 4 scrolls of fear
 I - 16 scrolls of identify
 K - 6 scrolls of enchant weapon
 M - 2 scrolls of butterflies
 O - 6 scrolls of enchant armour
 P - a scroll of magic mapping
 S - a scroll of poison
 Y - a scroll of amnesia
Potions
 a - a potion of invisibility
 h - 10 potions of curing
 o - 10 potions of haste
 s - 3 potions of cancellation {unknown}
 u - a potion of berserk rage {unknown}
 z - 7 potions of brilliance
 A - 4 potions of might
 T - a potion of resistance
 U - 4 potions of ambrosia
 V - a potion of magic

....# ....# ## ....# ##.
....# ##.. ....# ### ##...
....# ## ..### ##.... ....#
#.#.#+#.#.## #....# #####
....'.CGQp.# #...## #.#+#☹#
#....# #...W.# ##.... ###.###
##... #...# ##.. ##.## ##.
##########'##################
#............................
#............................
#............................


You could see a stone giant, a tengu reaver, a great orb of eyes, a phantasmal
warrior and an ironbound convoker (catching breath).


Message History

There is an open door here.
There is a large open door here.
There is a large open door here.
There is an open door here.
You reach down and open the door.
A slime creature comes into view.
You catch the helpless slime creature completely off-guard!
You hit the slime creature. You burn the slime creature.
You claw the slime creature!
The slime creature is lightly wounded.
You slice the slime creature!! You burn the slime creature.
You claw the slime creature.
The slime creature is heavily wounded.
You block the slime creature's attack.
You slash the slime creature! You burn the slime creature.
You claw the slime creature! You peck the slime creature!
The slime creature is almost dead.
You block the slime creature's attack.
You slice the slime creature!! You burn the slime creature.
You kill the slime creature!
No target in view!
There is an open door here.
A stone giant comes into view.
The stone giant shouts!
An ironbound convoker comes into view.
It is wielding a +0 morningstar and wearing a +0 scale mail of fire resistance.
The stone giant throws a large rock.
You reflect the large rock off an invisible shield around you!
The large rock hits the stone giant!!!
The ironbound convoker begins to recite a word of recall!
A great orb of eyes comes into view.
You closely miss the ironbound convoker.
You claw the ironbound convoker. You peck the ironbound convoker.
The ironbound convoker is lightly wounded.
You slash the ironbound convoker!
The ironbound convoker is moderately wounded.
The stone giant is recalled away.
The tengu reaver is recalled.
The phantasmal warrior is recalled.
You block the phantasmal warrior's attack.
A phantasmal warrior and a tengu reaver come into view.
You hit the great orb of eyes but do no damage.
You claw the great orb of eyes, but do no damage.
You peck the great orb of eyes.
The great orb of eyes is lightly wounded.
You block the great orb of eyes's attack.
You block the phantasmal warrior's attack.
You slash the great orb of eyes! You burn the great orb of eyes.
You claw the great orb of eyes, but do no damage.
The great orb of eyes is moderately wounded.
You block the tengu reaver's attack. The tengu reaver completely misses you.
You block the tengu reaver's attack.
You hit the great orb of eyes. You burn the great orb of eyes.
You claw the great orb of eyes, but do no damage.
The great orb of eyes is moderately wounded.
You block the great orb of eyes's attack.
The phantasmal warrior completely misses you.
A stone giant opens the door.
The tengu reaver gestures at you while chanting.
The bolt of poison hits you!!
You are poisoned.
The bolt of poison hits the phantasmal warrior.
The phantasmal warrior completely resists.
You hit the great orb of eyes. You burn the great orb of eyes.
You claw the great orb of eyes, but do no damage.
You peck the great orb of eyes, but do no damage.
The great orb of eyes is moderately wounded.
You feel very sick.
You block the great orb of eyes's attack.
The phantasmal warrior hits you!!
Your willpower is stripped away!
You hit the great orb of eyes. You burn the great orb of eyes.
You claw the great orb of eyes, but do no damage.
You peck the great orb of eyes!
The great orb of eyes is severely wounded.
You feel very sick. You block the tengu reaver's attack.
The tengu reaver completely misses you. You block the tengu reaver's attack.
You block the phantasmal warrior's attack.
You block the stone giant's attack. The great orb of eyes gazes at you.
You suddenly lose the ability to move!
You feel sick.
The tengu reaver hits you with a +0 long sword!
* * * LOW HITPOINT WARNING * * *
The tengu reaver pecks you but does no damage.
The tengu reaver claws you but does no damage.
The phantasmal warrior hits you!!
You feel threatened and lose the ability to read scrolls!
* * * LOW HITPOINT WARNING * * *
The stone giant hits you!!
* * * LOW HITPOINT WARNING * * *
The great orb of eyes bites you! Elyvilon protects you from harm!
* * * LOW HITPOINT WARNING * * *
You feel sick. The tengu reaver barely misses you.
The tengu reaver pecks you but does no damage.
The tengu reaver claws you.
* * * LOW HITPOINT WARNING * * *
The phantasmal warrior hits you!! Elyvilon protects you from harm!
The stone giant hits you!!
You die...

Dungeon Overview and Level Annotations

Branches:
Dungeon (15/15)            Temple (1/1) D:7            Lair (5/5) D:8
  Swamp (4/4) Lair:3       Spider (4/4) Lair:2        Slime (3/5) Lair:5
    Orc (2/2) D:9             Elf (3/3) Orc:2        Vaults (3/5) D:13
  Crypt (0/3) Vaults:2     Depths (0/4) D:15        Volcano (visited)
Gauntlet (visited)

Altars:
Ashenzari
Cheibriados
Dithmenos
Elyvilon
Fedhas
Gozag
Hepliaklqana
Kikubaaqudgha
Makhleb
Nemelex Xobeh
Okawaru
Qazlal
Ru
Sif Muna
Trog
Uskayaw
Vehumet
Wu Jian
Xom
Yredelemnul
Zin
The Shining One
Jiyva

Shops:
D:14 *:[([   Orc:2 ==[(   Elf:1 =   Vaults:3 *

Portals:
Trove: D:11 (give +4 storm dragon scales)

Annotations:
D:8 exclusion: electric eel
D:14 exclusion: orange crystal statue
Lair:1 exclusion: electric eel
Spider:4 3 runed translucent doors, Boesh's ghost, adept DgIE; Hirum's ghost, journeyman FeAE; Peveen Urom's ghost, adept HOFi
Orc:1 2 transporters, Xipsav Ykao's ghost, journeyman MiFi
Elf:1 4 runed translucent doors, Zenata
Elf:2 8 runed translucent doors, choppaz's ghost, adept TrFi
Vaults:1 exclusion: obsidian statue, Mennas

Notes
Turn   | Place    | Note
-------+----------+-------------------------------------------
     0 | D:1      | ho4mwr the Tengu Gladiator began the quest for the Orb.
     0 | D:1      | Reached XP level 1. HP: 12/12 MP: 2/2
   231 | D:1      | Reached XP level 2. HP: 15/17 MP: 3/3
   709 | D:1      | Reached XP level 3. HP: 22/22 MP: 4/4
  1109 | D:2      | Identified the +1 chain mail "Zeamoluymp" {Rampage Will+
                  | Str+2 Dex+3}
  1242 | D:2      | Reached XP level 4. HP: 27/27 MP: 5/5
  1255 | D:2      | Identified the +3 leather armour of Recklessness {rF+ rC+
                  | rCorr Str-3}
  1587 | D:3      | Noticed Natasha
  1596 | D:3      | Killed Natasha
  1597 | D:3      | Gained mutation: Your magical nature lets you fly swiftly
                  | and evasively. [Tengu growth]
  1597 | D:3      | Reached XP level 5. HP: 32/32 MP: 6/6
  1640 | D:3      | Noticed Natasha
  1649 | D:3      | Killed Natasha
  1759 | D:3      | Noticed Natasha
  1765 | D:3      | Killed Natasha
  2381 | D:4      | Reached XP level 6. HP: 37/37 MP: 7/7
  2682 | D:5      | Entered Level 5 of the Dungeon
  2705 | D:5      | You are sucked into a shaft and drop 2 floors!
  2753 | D:6      | Reached XP level 7. HP: 30/42 MP: 8/8
  2805 | D:6      | Noticed 112233's ghost (amateur MeRe)
  2811 | D:6      | Found a transporter.
  2931 | D:5      | Found a runed translucent door.
  3521 | D:6      | Reached XP level 8. HP: 48/48 MP: 9/9
  3896 | D:6      | Found a transporter.
  4252 | D:7      | Noticed a troll
  4262 | D:7      | Reached XP level 9. HP: 55/55 MP: 10/10
  4484 | D:7      | Noticed a boulder beetle
  4525 | D:7      | Noticed a white ugly thing
  4605 | D:7      | Found a staircase to the Ecumenical Temple.
  4875 | D:7      | Noticed a two-headed ogre
  5024 | D:7      | Noticed a cyclops
  5095 | D:7      | Found a radiant altar of Vehumet.
  5114 | Temple   | Entered the Ecumenical Temple
  5383 | Temple   | Became a worshipper of Elyvilon the Healer
  5557 | D:8      | Noticed Joseph
  5671 | D:8      | Reached skill level 10 in Long Blades
  5695 | D:8      | Found a staircase to the Lair.
  5739 | D:8      | Noticed a cyclops
  5757 | D:8      | Killed a cyclops
  5908 | D:8      | Reached * piety under Elyvilon
  5997 | D:8      | Noticed Maggie
  6024 | D:8      | Killed Maggie
  6128 | Lair:1   | Entered Level 1 of the Lair of Beasts
  6138 | Lair:1   | Reached XP level 10. HP: 63/63 MP: 11/11
  6186 | Lair:1   | Noticed an elephant
  6186 | Lair:1   | Noticed an elephant
  6187 | Lair:1   | Noticed an elephant
  6210 | Lair:1   | Noticed an elephant
  6216 | Lair:1   | Noticed an elephant
  6219 | Lair:1   | Killed an elephant
  6229 | Lair:1   | Killed an elephant
  6237 | Lair:1   | Killed an elephant
  6248 | Lair:1   | Killed an elephant
  6476 | Lair:1   | Noticed a cane toad
  6482 | Lair:1   | Killed a cane toad
  6483 | Lair:1   | Reached skill level 10 in Dodging
  6549 | Lair:1   | Reached XP level 11. HP: 37/69 MP: 12/12
  6866 | Lair:1   | Reached ** piety under Elyvilon
  7483 | Lair:2   | Identified the +1 falchion "Yhou" {elec, rC++ Str-4}
  7585 | Lair:2   | Reached skill level 10 in Fighting
  7591 | Lair:2   | Noticed a skyshark
  7603 | Lair:2   | Killed a skyshark
  7764 | Lair:2   | Reached *** piety under Elyvilon
  7956 | Lair:2   | Found a hole to the Spider Nest.
  7956 | Lair:2   | Noticed an orb spider
  8535 | Lair:3   | Reached XP level 12. HP: 71/77 MP: 16/16
  8727 | Lair:3   | Found a gate leading to a gauntlet.
  8749 | Gauntlet | Entered a Gauntlet
  8749 | Gauntlet | Found a transporter.
  8749 | Gauntlet | Found a runed translucent door.
  8749 | Gauntlet | Found a transporter.
  8750 | Gauntlet | Found a runed translucent door.
  8751 | Gauntlet | Found a transporter.
  8751 | Gauntlet | Found a transporter.
  8755 | Gauntlet | Found a transporter.
  8755 | Gauntlet | Found a transporter.
  8787 | Gauntlet | Found a transporter.
  8790 | Gauntlet | Reached **** piety under Elyvilon
  8791 | Gauntlet | Found a transporter.
  8806 | Gauntlet | Found a transporter.
  8818 | Gauntlet | Noticed a death yak
  8818 | Gauntlet | Found the +8 demon blade "Leech" {evervamp, Harm Drain rN+}
  8819 | Gauntlet | Noticed a death yak
  8819 | Gauntlet | Found a transporter.
  8819 | Gauntlet | Noticed a death yak
  8837 | Gauntlet | Found a transporter.
  8841 | Gauntlet | Found a transporter.
  8843 | Gauntlet | Found a runed translucent gate.
  8843 | Gauntlet | Found a runed translucent gate.
  8843 | Gauntlet | Found a runed translucent gate.
  8999 | Lair:3   | Found a staircase to the Swamp.
  9145 | Lair:3   | Found a dark tunnel.
  9154 | Volcano  | Entered a volcano
  9348 | Volcano  | Identified the +1 pair of gloves "Lualirun" {Str+3 Dex+3
                  | Slay+2}
  9878 | Lair:3   | Noticed a skyshark
  9889 | Lair:3   | Killed a skyshark
  9890 | Lair:3   | Reached XP level 13. HP: 82/84 MP: 20/20
  9893 | Lair:3   | Reached ***** piety under Elyvilon
 11353 | D:9      | Found a viscous altar of Jiyva.
 11361 | D:9      | Noticed Prince Ribbit
 11368 | D:9      | Killed Prince Ribbit
 11373 | D:9      | Found a staircase to the Orcish Mines.
 11794 | Orc:1    | Entered Level 1 of the Orcish Mines
 11797 | Orc:1    | Noticed an ettin
 11812 | Orc:1    | Killed an ettin
 11927 | Orc:2    | Entered Level 2 of the Orcish Mines
 12403 | Orc:2    | Found a staircase to the Elven Halls.
 12419 | Orc:2    | Reached skill level 15 in Long Blades
 12920 | Orc:2    | Found Zatzotho's Armour Shoppe.
 12920 | Orc:2    | Found Ytsohyam's Antique Weapon Boutique.
 12924 | Orc:2    | Found Zemaraxi's Jewellery Boutique.
 12924 | Orc:2    | Found Fealim's Jewellery Shoppe.
 13408 | D:6      | Killed 112233's ghost
 13572 | D:8      | Killed Joseph
 13788 | Orc:1    | Found a bloodstained altar of Trog.
 13805 | Orc:1    | Noticed Erica
 13843 | Orc:1    | Killed Erica
 13844 | Orc:1    | Reached XP level 14. HP: 92/92 MP: 21/21
 13946 | Orc:1    | Found a transporter.
 13978 | Orc:1    | Found a transporter.
 13981 | Orc:1    | Found a bloodstained altar of Trog.
 14084 | Orc:1    | Noticed Xipsav Ykao's ghost (journeyman MiFi)
 14127 | Elf:1    | Entered Level 1 of the Elven Halls
 14127 | Elf:1    | Noticed a deep elf sorcerer
 14127 | Elf:1    | Noticed a deep elf annihilator
 14127 | Elf:1    | Noticed Zenata
 14127 | Elf:1    | Found a runed translucent gate.
 14127 | Elf:1    | Found a runed translucent gate.
 14127 | Elf:1    | Found a runed translucent gate.
 14127 | Elf:1    | Found a runed translucent gate.
 14127 | Elf:1    | Found a runed translucent gate.
 14127 | Elf:1    | Found a runed translucent gate.
 14128 | Elf:1    | Found a runed translucent door.
 14185 | Elf:1    | Noticed Roxanne
 14249 | Elf:1    | Killed Roxanne
 14381 | D:10     | Entered Level 10 of the Dungeon
 15035 | D:11     | Reached ****** piety under Elyvilon
 15183 | D:11     | Identified the ring "Ikhlatocw" {Fly AC+4 Int-5 Dex+2}
 15202 | D:11     | Found a portal to a secret trove of treasure.
 15408 | D:11     | Found a glowing golden altar of the Shining One.
 15814 | D:12     | Identified the +7 chain mail "Moefroidd" {Regen+ Int+5}
 16763 | D:13     | Found a white marble altar of Elyvilon.
 16842 | D:13     | Found a gate to the Vaults.
 18323 | Lair:4   | Reached XP level 15. HP: 98/98 MP: 22/22
 18840 | Lair:5   | Entered Level 5 of the Lair of Beasts
 19343 | Lair:4   | a ten-headed hydra changed into an emperor scorpion
 19343 | Lair:4   | Noticed an emperor scorpion
 19358 | Lair:4   | Killed an emperor scorpion
 20034 | Lair:5   | Identified the +1 scale mail of Lofoihakai {rF+}
 20374 | Lair:5   | Reached skill level 15 in Dodging
 20391 | Lair:5   | Identified the +1 leather armour "Niergh" {Rampage Drain
                  | rN+++ Stlth-}
 20778 | Spider:1 | Entered Level 1 of the Spider Nest
 20786 | Spider:1 | Killed a ghost moth
 20957 | Spider:1 | Killed a ghost moth
 21145 | Spider:1 | Noticed Louise
 21166 | Abyss:3  | Cast into level 3 of the Abyss (Louise)
 21399 | Abyss:3  | Noticed a dread lich
 21446 | Abyss:4  | Noticed a tentacled starspawn
 21501 | Abyss:4  | Noticed a hellephant
 21534 | Abyss:4  | Reached XP level 16. HP: 69/106 MP: 23/23
 21542 | Abyss:4  | Noticed a hellephant
 21601 | Abyss:4  | Noticed a tentacled starspawn
 21609 | Abyss:4  | Killed a tentacled starspawn
 21741 | Abyss:4  | Noticed a tentacled starspawn
 21755 | Spider:1 | Escaped the Abyss
 21761 | Spider:1 | Killed a tentacled starspawn
 21762 | Spider:1 | Reached skill level 10 in Shields
 21771 | Spider:1 | Killed Louise
 21943 | Spider:1 | Identified the +10 plate armour of Qiledey {-Cast rN+++
                  | Str-5 Stlth+}
 23909 | Spider:2 | Got Qoeg's Catalogue of Molten Ensorcelling
 25173 | Spider:3 | Reached XP level 17. HP: 110/111 MP: 24/24
 25660 | Spider:4 | Entered Level 4 of the Spider Nest
 27143 | Spider:4 | Noticed Arachne
 27164 | Spider:4 | Killed Arachne
 28214 | Spider:4 | Got a gossamer rune of Zot
 28442 | Spider:4 | Reached XP level 18. HP: 45/116 MP: 22/25
 28683 | Spider:4 | Reached skill level 15 in Shields
 28802 | Spider:4 | Found a runed translucent gate.
 28802 | Spider:4 | Found a runed translucent gate.
 28803 | Spider:4 | Found a runed translucent gate.
 28804 | Spider:4 | Noticed Hirum's ghost (journeyman FeAE)
 28804 | Spider:4 | Noticed Peveen Urom's ghost (adept HOFi)
 28804 | Spider:4 | Noticed Boesh's ghost (adept DgIE)
 29088 | Swamp:1  | Entered Level 1 of the Swamp
 30155 | Swamp:2  | Identified the +0 cloak "Zebob" {rPois rN++ Will- SInv}
 31945 | Swamp:3  | Identified the +7 falchion "Yfoesiku" {freeze, rPois rC+}
 32465 | Swamp:4  | Entered Level 4 of the Swamp
 34038 | Swamp:4  | Found a blossoming altar of Fedhas.
 34056 | Swamp:4  | Reached XP level 19. HP: 121/121 MP: 26/26
 34516 | Swamp:4  | Got a decaying rune of Zot
 34626 | Swamp:4  | Found a basalt altar of Yredelemnul.
 35499 | Elf:1    | Found a shimmering blue altar of Sif Muna.
 35781 | Elf:1    | Found a runed translucent door.
 36216 | Elf:1    | Found Kemp's Jewellery Shop.
 36437 | Elf:2    | Paralysed by an air elemental for 1 turns
 36568 | Elf:2    | Found a huge runed translucent gate.
 36568 | Elf:2    | Found a huge runed translucent gate.
 36568 | Elf:2    | Found a huge runed translucent gate.
 36568 | Elf:2    | Found a huge runed translucent gate.
 36568 | Elf:2    | Found a huge runed translucent gate.
 36631 | Elf:2    | Paralysed by an air elemental for 1 turns
 37083 | Elf:2    | Noticed choppaz's ghost (adept TrFi)
 37084 | Elf:2    | Found a runed translucent gate.
 37085 | Elf:2    | Found a runed translucent gate.
 37087 | Elf:2    | Found a runed translucent gate.
 37091 | Elf:2    | Found an iron altar of Okawaru.
 37209 | Elf:3    | Entered Level 3 of the Elven Halls
 37395 | D:14     | Found Inufije's Book Emporium.
 37395 | D:14     | Found Tanik's Antique Weapon Boutique.
 37755 | D:14     | Found Tih Naas's Armour Emporium.
 37776 | D:14     | Found Zaolog's Assorted Antiques.
 37785 | D:14     | Bought a potion of heal wounds for 120 gold pieces
 37785 | D:14     | Bought a potion of curing for 72 gold pieces
 37785 | D:14     | Bought a twisted leather armour for 168 gold pieces
 37785 | D:14     | Identified the +1 leather armour of the Butterfly {rCorr}
                  | (You bought it in a shop on level 14 of the Dungeon)
 38162 | D:14     | Found Leusyhy's Antique Armour Emporium.
 38342 | D:15     | Entered Level 15 of the Dungeon
 38429 | D:15     | Found a staircase to the Depths.
 38622 | D:15     | Identified the +6 sling of Ointment {drain, rElec Will-
                  | MP+9}
 38950 | D:15     | Noticed Kirke
 38956 | D:15     | Killed Kirke
 39307 | Lair:5   | Found a staircase to the Slime Pits.
 39466 | Slime:1  | Entered Level 1 of the Pits of Slime
 39473 | Slime:1  | Gained mutation: You occasionally shout uncontrollably at
                  | your foes. [a shining eye]
 39475 | Slime:1  | Reached XP level 20. HP: 128/128 MP: 27/27
 39477 | Slime:1  | Gained mutation: You do not regenerate when monsters are
                  | visible. [a shining eye]
 39478 | Slime:1  | Gained mutation: You occasionally lose the ability to read
                  | scrolls when taking damage. [a shining eye]
 39490 | Slime:1  | Gained mutation: You are weak. (Str -2) [a shining eye]
 39810 | Lair:5   | Gained mutation: You frequently scream uncontrollably at
                  | your foes. [a shining eye]
 39869 | Slime:1  | Paralysed by a great orb of eyes for 2 turns
 39873 | Slime:1  | Reached skill level 15 in Fighting
 40112 | Slime:1  | Gained mutation: You are dopey. (Int -2) [a shining eye]
 40120 | Slime:1  | Gained mutation: You are very dopey. (Int -4) [a shining
                  | eye]
 40123 | Slime:1  | Gained mutation: Armour fits poorly on your strangely
                  | shaped body. [a shining eye]
 40130 | Slime:1  | Gained mutation: You are very weak. (Str -4) [a shining
                  | eye]
 40486 | Slime:1  | Gained mutation: Your magical capacity is low. (-10% MP) [a
                  | shining eye]
 40593 | Slime:2  | HP: 6/129 [quicksilver ooze (8)]
 40594 | Slime:2  | HP: 1/129 [drowned by a quicksilver ooze (5)]
 40594 | Slime:2  | Elyvilon protects you from harm!
 41042 | Vaults:1 | Entered Level 1 of the Vaults
 41541 | Vaults:1 | Identified the +1 plate armour of the Old and Reckless
                  | {rCorr Int+4}
 41562 | Vaults:1 | beem: I am beem. For help, type: !beem
 41641 | Vaults:1 | Elyvilon protects you from harm!
 42848 | Vaults:1 | Identified the +6 longbow of Ufeamas {drain, Dex+3}
 42960 | Vaults:2 | Noticed Aizul
 42971 | Vaults:2 | Killed Aizul
 43484 | Vaults:2 | Found a staircase to the Crypt.
 43950 | Vaults:2 | Noticed Mennas
 44667 | Vaults:2 | Reached XP level 21. HP: 136/140 MP: 25/25
 44886 | Vaults:2 | Found the +7 great mace "Undeadhunter" {deathbane, rN+}
 45731 | Vaults:3 | Found a magical portal.
 46090 | Vaults:3 | Found Taetoeha's General Store.
 46908 | Vaults:3 | Paralysed by a great orb of eyes for 2 turns
 46909 | Vaults:3 | HP: 6/141 [stone giant (25)]
 46909 | Vaults:3 | Elyvilon protects you from harm!
 46910 | Vaults:3 | HP: 1/141 [tengu reaver/+0 long sword (3)]
 46910 | Vaults:3 | Elyvilon protects you from harm!
 46910 | Vaults:3 | Annihilated by a stone giant

Levels and vault maps discovered:
D:1:      minmay_arrival_five_plusses, layout_basic, minmay_heptomino_h4
D:2:      layout_basic, serial_park_tiny_pond
D:3:      layout_basic, uniq_natasha
D:4:      layout_rooms
D:5:      layout_cave_pools, lightli_church_of_beogh
D:6:      layout_loops_ring, gammafunk_ghost_arena, minmay_starry_boxes
D:7:      layout_rooms, mainiacjoe_overflow_alcove_4,
          minmay_temple_entry_proselytizer, kb_rosetta
D:8:      layout_basic, lair_entry_dummy, uniq_maggie, uniq_joseph
D:9:      layout_irregular_city, orc_0_dummy, hangedman_decor_riveting,
          grunt_ministairs_7, jiyva_altar_1, uniq_prince_ribbit1
D:10:     layout_gridville, minmay_variable_closet
D:11:     layout_basic, nicolae_trove_entry_crystal,
          nicolae_tso_carved_into_rock
D:12:     layout_basic, minivault_16
D:13:     layout_loops_ring, erik_vaults_1, elyvilon_altar_1
D:14:     minmay_the_grid_triangle_9x9_recursive_2_mashed
          [minmay_the_grid_triangle_9x9_prize_center,
          minmay_the_grid_triangle_9x9_checkered,
          minmay_the_grid_triangle_9x9_sparse_checkered,
          minmay_the_grid_triangle_9x9_cache], layout_cave_pools, serial_shops,
          shop, nicolae_shop_advertising_works [nicolae_subvault_shop_adworks],
          nicolae_shop_stone, shop, nicolae_shop_behind_doors, grunt_decor_cap,
          minmay_protected_statue
D:15:     gammafunk_depths_entry_grave, layout_long_grid, reono_crystal_passage,
          minmay_mirror_moons_of_madness, uniq_kirke
Temple:   roderic_octagonal_lattice_temple
Lair:1:   statuecave_lemuel, layout_regular_city, grunt_megastairs_5
Lair:2:   wad_woods_structure_01, layout_chaotic_city,
          nicolae_spider_entry_orb_guardian
Lair:3:   layout_gridlike, minmay_swamp_entry_swarm,
          nicolae_volcano_entry_hallway, gauntlet_entry_generic,
          grunt_megastairs_4
Lair:4:   layout_loops_ring, beast_lair_carwin_5
Lair:5:   guppyfry_lair_end_dragon, layout_gridlike,
          hangedman_lair_caniforms_friends, minmay_slime_entry_oklob_open,
          evilmike_ambush [evilmike_ambush_outer_corners,
          evilmike_ambush_inner_basic], infiniplex_staircase_pool
Swamp:1:  layout_basic_swamp, evilmike_swamp_ruin_house_5, swamp_pool3,
          infiniplex_staircase_pool_2
Swamp:2:  layout_basic_swamp, evilmike_swamp_ruin_house_2, swamp_pool2
Swamp:3:  layout_basic_swamp, nicolae_swamp_tree_designs,
          nicolae_swamp_bean_lake
Swamp:4:  byrel_swamp_growth_death_and_undeath, layout_basic_swamp, swamp_pool3,
          hangedman_swamp_lotus
Spider:1: layout_spider_delve, uniq_louise
Spider:2: layout_spider_delve
Spider:3: layout_spider_delve
Spider:4: floodkiller_spider_rune_tomb, gammafunk_ghost_cemetery, drop_trap,
          uniq_arachne
Slime:1:  layout_caves
Slime:2:  layout_caves
Slime:3:  layout_caves
Orc:1:    layout_caves, gammafunk_ghost_wrathful_warriors, basic_altar,
          uniq_erica
Orc:2:    grunt_orc_tribal_feast, layout_diamond_mine, rock_pile
Elf:1:    nicolae_elf_arrival_dilemma, layout_gridlike, basic_altar,
          serial_shops, nicolae_shop_statue_plus, hangedman_elf_represent,
          hangedman_elven_pyramids, uniq_zenata, uniq_asterion, uniq_roxanne
Elf:2:    elven_hall_of_blades_hangedman_alternative
          [nicolae_blade_entry_hurt_lockers], layout_geoelf_grid,
          gammafunk_ghost_fury_of_okawaru
Elf:3:    grunt_elf_hall_spiral, layout_rooms, serial_shops,
          nicolae_shop_hallway_plus, portal_ice_cave_entry_frozen_things
Vaults:1: vaults_room_grunt_arrival_checkpoint, v_misc_23, v_rooms_6,
          ontoclasm_vaults_eye, vaults_room_grunt_arrival_ludios,
          nicolae_vaults_triangles, vaults_standard_mumra_x,
          nicolae_vaults_circle_grid_a, ontoclasm_vaults_fault,
          nicolae_vaults_little_squares_1, nicolae_vaults_statue_guard,
          vaults_mumra_lcd, vaults_dpeg_emergency_exit, layout_vaults_omnicross
Vaults:2: nicolae_vaults_fighting_squares, nicolae_vaults_ring_of_whatevers,
          ontoclasm_vaults_twist, nicolae_vaults_big_ls,
          dpeg_vaults_monster_box, v_alt_pattern_1,
          minmay_crypt_entry_simple_statues, vaults_room_door_ring,
          v_alt_pattern_4, layout_vaults_omnigrid, uniq_aizul, uniq_mennas
Vaults:3: lightli_enter_wizlab_magi_temple, ontoclasm_vaults_spin, v_misc_13,
          hangedman_vaults_trim, v_misc_30, vaults_mumra_chevron_long, st_cross,
          v_misc_10, vaults_dpeg_encased_lava, v_misc_13, v_alt_pattern_3,
          nicolae_vaults_angled_halls, vaults_dpeg_doors, ontoclasm_vaults_chip,
          layout_vaults_ring, serial_shops, nicolae_shop_trees

Vanquished Creatures
  Arachne (Spider:4)
  A lich (Vaults:2)
  An acid blob (Lair:5)
  2 sphinxes (Vaults:1 Vaults:2)
  Kirke (D:15)
  2 tentacled starspawn (Abyss:4 Spider:1)
  A tengu reaver (Vaults:2)
  5 thorn hunters (Swamp:4)
  Roxanne (Elf:1)
  4 rockslimes (Lair:5 Slime:1 Slime:2)
  2 fenstrider witches (Swamp:3)
  5 emperor scorpions (Lair:4 Spider:2 Spider:4)
  5 ghost moths (Spider:1 Spider:4)
  Louise (Spider:1)
  Aizul (Vaults:2)
  8 vault wardens (Vaults:1 Vaults:2 Vaults:3)
  5 very ugly things (Vaults:3)
  3 quicksilver oozes (Slime:1 Slime:2)
  2 broodmothers (Spider:1 Spider:3)
  12 ironbound preservers (Vaults:1 Vaults:2 Vaults:3)
  A war gargoyle (Vaults:3)
  A deep elf demonologist (Elf:1)
  4 eleionomae (Swamp:2 Swamp:4)
  5 ironbound thunderhulks (Vaults:1 Vaults:2 Vaults:3)
  A spark wasp (Spider:4)
  3 vampire knights (Swamp:4 Vaults:2)
  A dire elephant (Vaults:2)
  A lorocyproca (Abyss:4)
  2 bunyips (Swamp:2)
  2 ettins (Orc:1 Vaults:2)
  A deep elf death mage (Elf:2)
  A fire dragon (Lair:5)
  3 crystal guardians (Vaults:1 Vaults:3)
  A green death (Abyss:3)
  3 yaktaur captains (Vaults:1 Vaults:2 Vaults:3)
  A deep elf high priest (Elf:1)
  2 shambling mangroves (Swamp:2 Swamp:4)
  7 great orbs of eyes (D:15 Slime:1 Slime:2 Vaults:1 Vaults:2)
  9 vault guards (Vaults:1 Vaults:2 Vaults:3)
  5 entropy weavers (Spider:2 Spider:3 Spider:4 Vaults:1)
  2 peacekeepers (Vaults:1 Vaults:3)
  A rakshasa (Abyss:3)
  2 ogre magi (D:14 D:15)
  7 hydras (Swamp:1 Swamp:2 Swamp:3 Swamp:4)
  3 radroaches (Spider:1 Spider:2 Spider:4)
  7 ironbound frosthearts (Vaults:1 Vaults:2 Vaults:3)
  A catoblepas (D:14)
  13 dancing weapons (Volcano D:13 Elf:1 Elf:2)
  2 jorogumos (Spider:4)
  Erica (Orc:1)
  6 centaur warriors (D:13 D:14 D:15 Vaults:1)
  8 boulder beetles (Orc:2 D:7 D:13 Spider:3 D:14)
  6 two-headed ogres (D:8 D:6 D:10 D:14 D:15)
  8 death scarabs (Spider:4)
  13 alligators (Swamp:1 Swamp:2 Swamp:3 Swamp:4)
  2 thrashing horrors (Abyss:4)
  5 orc high priests (Orc:2 Elf:1)
  3 tengu warriors (D:15)
  5 deep elf knights (Elf:2)
  2 skysharks (Lair:2 Lair:3)
  2 wretched stars (Abyss:4)
  8 skeletal warriors (D:13 D:15 D:14)
  10 pharaoh ants (Spider:2 Spider:3 Spider:4)
  2 sun moths (Spider:4)
  A flayed ghost (D:15)
  5 goliath frogs (Swamp:1 Swamp:2 Swamp:3)
  6 spriggan druids (Swamp:1 Swamp:2 Swamp:3 Swamp:4)
  32 deep trolls (Vaults:1 Vaults:2 Vaults:3)
  A spark wasp zombie (D:15)
  5 deep elf archers (Elf:1 Elf:2 D:14)
  11 ironbound convokers (Vaults:1 Vaults:2 Vaults:3)
  7 lindwurms (Lair:5 Vaults:1 Vaults:2 Vaults:3)
  A broodmother zombie (Spider:4)
  4 bog bodies (Swamp:1 Swamp:2 Swamp:3)
  11 wizards (Volcano Vaults:1 Vaults:2 Vaults:3)
  2 spectral wolf spiders (Spider:4)
  9 swamp dragons (Lair:5 Swamp:2 Swamp:3 Swamp:4)
  A phantasmal warrior (Vaults:2)
  11 orb spiders (Lair:2 Spider:1 Spider:2 Spider:3 Spider:4)
  4 orc knights (Orc:2)
  A spectral jorogumo (Spider:4)
  13 steelbarb worms (Spider:1 Spider:2 Spider:3 Spider:4)
  2 spectral hydras (Swamp:4)
  3 necromancers (D:15 Vaults:2)
  15 deep elf pyromancers (Elf:1 D:13 Elf:2 D:14 D:15)
  7 oklob plants (Swamp:4 Lair:5)
  30 ugly things (D:9 D:13 D:14 D:15 Vaults:1)
  17 deep elf zephyrmancers (Elf:1 Elf:2)
  2 moths of wrath (Spider:4)
  18 wolf spiders (Spider:1 Spider:2 Spider:3 Spider:4 D:14)
  5 orc sorcerers (Orc:2 Orc:1)
  10 cyclopes (D:8 D:7 D:13 D:14 D:15)
  3 manticores (D:14 D:15)
  4 shining eyes (Slime:1 Lair:5)
  4 will-o-the-wisps (Swamp:2 Swamp:4)
  11 vault sentinels (Vaults:1 Vaults:2 Vaults:3)
  15 elephants (Lair:1 Lair:2 Lair:4 Lair:5)
  5 black mambas (Lair:1 Lair:5)
  A fire giant skeleton (D:15)
  A smoke demon (Abyss:4)
  An eye of devastation (Slime:2)
  A water nymph (shapeshifter) (Elf:2)
  Joseph (D:8)
  5 toenail golems (Volcano)
  13 torpor snails (Spider:1 Spider:2 Spider:3 Spider:4)
  An ice statue (D:12)
  3 gargoyles (D:12 D:13)
  6 demonic crawlers (Spider:1 Spider:3 Spider:4)
  An unseen horror (D:10)
  Maggie (D:8)
  9 cane toads (Lair:1 Lair:3 Lair:5)
  A spectral redback (Spider:4)
  9 rime drakes (Lair:1 Lair:2 Lair:3 Lair:5)
  A rime drake (shapeshifter) (D:13)
  A tengu conjurer (D:15)
  16 komodo dragons (Lair:1 Lair:2 Lair:3 D:13 Lair:4)
  A redback zombie (Spider:4)
  2 efreet (D:14)
  15 yaktaurs (D:14 Vaults:2 Vaults:3)
  A kobold demonologist (D:11)
  2 freezing wraiths (Swamp:4)
  2 hydra zombies (Swamp:4)
  3 burning bushes (Lair:5)
  4 trolls (D:6 D:10 D:12)
  11 tyrant leeches (Swamp:1 Swamp:2 Swamp:3 Swamp:4)
  2 death drake zombies (Swamp:4)
  A queen bee (shapeshifter) (D:14)
  2 ancient zymes (Abyss:3 Abyss:4)
  15 hornets (Swamp:1 Swamp:2 Swamp:3 Swamp:4)
  4 meliai (Spider:3 D:15)
  A bloated husk (Swamp:4)
  15 polar bears (Lair:2 Lair:4 Lair:5)
  2 spectral jumping spiders (Spider:4)
  2 spectral tarantellas (Spider:4)
  A death drake skeleton (Swamp:4)
  21 tarantellas (Spider:1 Spider:2 Spider:3 Spider:4)
  A spectral culicivora (Spider:4)
  A hydra skeleton (Swamp:4)
  A raiju (shapeshifter) (D:14)
  A tarantella zombie (Spider:4)
  14 blink frogs (Lair:1 Lair:3 Lair:4)
  3 jumping spider zombies (Spider:4)
  Prince Ribbit (D:9)
  13 raiju (Lair:5 Abyss:3 Abyss:4)
  3 large abominations (Abyss:3 Abyss:4)
  27 jumping spiders (Spider:1 Spider:2 Spider:3 Spider:4)
  50 slime creatures (D:14 D:15 Slime:1 Slime:2 Vaults:1)
  2 dream sheep (Lair:2 Lair:5)
  2 centaur simulacra (D:14 D:15)
  3 air elementals (Elf:1 Elf:2)
  20 culicivoras (Spider:1 Spider:2 Spider:3 Spider:4)
  2 wraiths (D:9 D:14)
  A shadow (D:10)
  10 spriggans (Swamp:1 Swamp:2 Swamp:3 Swamp:4)
  5 wyverns (Lair:3 D:9 D:10 Lair:5)
  4 water elementals (Elf:1 Elf:2)
  2 hogs (D:15)
  52 yaks (Lair:1 Lair:2 D:10 D:11 Lair:4)
  The ghost of
  112233 the Cudgeller, an amateur MeRe of Sif Muna (D:6)
  5 basilisks (Lair:1 Lair:3 Lair:5)
  5 vampire mosquitoes (Lair:3 Swamp:2)
  4 golden eyes (Slime:1)
  6 steam dragons (D:6 D:9 Lair:5)
  A neqoxec (Abyss:3)
  A fire elemental (Elf:1)
  A golden eye (shapeshifter) (D:14)
  69 redbacks (Spider:1 Spider:2 Spider:3 Spider:4 Vaults:1)
  9 wargs (Orc:1 Orc:2 Lair:5 Elf:1)
  5 acid dragons (D:8 D:10 D:11 Lair:5)
  4 hydra simulacra (Swamp:4)
  12 swamp worms (Swamp:1 Swamp:2 Swamp:3 Swamp:4)
  16 hell hounds (Lair:5)
  9 water moccasins (Lair:1 Lair:3 D:6 Lair:4 Lair:5)
  7 swamp drakes (Swamp:3 Swamp:4)
  22 orc warriors (D:7 D:9 Orc:2 D:5 Orc:1)
  A black bear (shapeshifter) (D:14)
  A glowing shapeshifter skeleton (D:15)
  2 swamp dragon zombies (Swamp:4)
  13 black bears (D:6 D:7 Lair:5)
  2 swamp dragon skeletons (Swamp:4)
  12 ogres (D:7 D:6 Orc:2 Orc:1 Elf:1)
  12 centaurs (D:8 D:9 D:6 D:12 D:13)
  A phantom (D:6)
  42 wolves (Lair:1 Lair:3 Lair:5)
  5 kobold brigands (D:8 D:9 D:11)
  A gnoll sergeant (D:12)
  15 bullfrogs (D:7 D:6 D:8 Lair:1 Lair:2)
  2 earth elementals (Elf:1 Elf:2)
  2 scorpions (D:6 D:7)
  4 wights (D:8)
  A tengu zombie (D:15)
  2 electric eels (Lair:5)
  8 howler monkeys (D:5 D:6 D:11 D:13)
  6 small abominations (Abyss:3 Abyss:4)
  A gnoll bouda (D:9)
  15 orc priests (D:7 D:8 D:9 Orc:2 D:5)
  5 starcursed masses (Abyss:4)
  5 hounds (D:4 D:6)
  9 jellies (D:2 D:6 D:8 D:9)
  12 iguanas (D:4 D:6 D:7 Lair:5)
  19 orc wizards (D:5 D:6 D:9 Orc:2 Orc:1)
  Natasha (thrice) (D:3)
  13 gnolls (D:1 D:5 D:9 D:12)
  7 adders (D:2 D:4 D:6)
  2 shadow imps (D:5 D:7)
  A worm (D:4)
  2 dart slugs (D:2)
  87 orcs (D:4 D:5 D:6 D:7 D:8)
  4 bats (D:1 D:2)
  7 endoplasms (D:1 D:2 D:4)
  4 giant cockroaches (D:1 D:2 D:4)
  8 hobgoblins (D:1 D:2 D:4)
  A jackal (D:1)
  4 quokkas (D:1 D:2 D:4)
  A ball python (D:4)
  3 frilled lizards (D:1)
  7 goblins (D:1 D:2 D:3 D:4)
  21 kobolds (D:1 D:2 D:8 D:9 D:11)
  6 rats (D:1 D:3)
1465 creatures vanquished.

Vanquished Creatures (others)
  An ironbound convoker (Vaults:1)
  A komodo dragon (Lair:5)
  3 bloated husks (Swamp:1 Swamp:3)
  A spriggan (Swamp:1)
  An orc priest (Orc:2)
  An iguana (Lair:5)
  2 orc wizards (D:6 Orc:2)
  An orc (Elf:1)
  8 foxfires (Swamp:2 Swamp:4)
  13 fungi (Lair:1 Lair:2 Lair:3 Lair:5)
  57 plants (Lair:1 Lair:3 Lair:4 Lair:5 Swamp:4)
  6 starspawn tentacles (Abyss:4 Spider:1)
  11 withered plants (D:15)
106 creatures vanquished.

Grand Total: 1571 creatures vanquished

Action                     |  1- 3 |  4- 6 |  7- 9 | 10-12 | 13-15 | 16-18 | 19-21 || total
---------------------------+-------+-------+-------+-------+-------+-------+-------++-------
  Melee: Long sword        |    58 |    84 |   217 |       |       |       |       ||   359
         Peck              |    11 |    12 |    63 |   109 |   304 |   449 |   514 ||  1462
         Kick              |    11 |    21 |    94 |   162 |   471 |   717 |   730 ||  2206
         Punch             |     1 |       |     2 |     4 |     7 |       |       ||    14
         Scimitar          |       |       |    54 |   435 |  1201 |  1539 |  1494 ||  4723
  Throw: Dart              |       |       |     9 |     7 |     8 |    87 |     5 ||   116
         Boomerang         |       |       |    17 |    65 |   224 |   128 |   101 ||   535
         Stone             |       |       |       |    12 |    66 |    16 |     4 ||    98
         Throwing net      |       |       |       |     1 |     5 |     2 |     1 ||     9
         Javelin           |       |       |       |     1 |     1 |       |     1 ||     3
 Invoke: Purification      |       |       |       |     1 |       |     1 |     8 ||    10
         Heal Self         |       |       |       |       |     1 |     3 |    29 ||    33
  Evoke: Wand              |       |       |       |       |     5 |     5 |     7 ||    17
    Use: Scroll            |       |       |    14 |     9 |    10 |     8 |    11 ||    52
         Potion            |       |       |     1 |     1 |     3 |     4 |    18 ||    27
   Stab: Sleeping          |     3 |     1 |     1 |       |       |     5 |     4 ||    14
         Distracted        |       |       |       |       |     1 |     3 |     1 ||     5
         Invisible         |       |       |       |       |       |       |     3 ||     3
 Armour: Leather armour    |    12 |    19 |    66 |    64 |   103 |   128 |    39 ||   431
         Chain mail        |     3 |       |       |       |       |       |       ||     3
  Dodge: Dodged            |    27 |    53 |   207 |   374 |   915 |  1410 |   571 ||  3557
  Block: Buckler           |       |       |       |       |   353 |   931 |    23 ||  1307
         Reflection        |       |       |       |       |     5 |    10 |    65 ||    80
         Tower shield      |       |       |       |       |       |       |  1366 ||  1366

Table legend: (Time is in decaauts)
 A = Elapsed time spent in this place.
 B = Non-inter-level travel time spent in this place.
 C = Inter-level travel time spent in this place.
 D = Time resting spent in this place.
 E = Time spent auto-exploring this place.
 F = Levels seen in this place.
 G = Mean time per level.
                   A        B        C        D        E       F      G
               +--------+--------+--------+--------+--------+-----+--------+
         Total |  43368 |  40530 |   2838 |  10687 |  19719 |  44 |  985.6 |
       Dungeon |  12736 |  11625 |   1111 |   1000 |   8049 |  15 |  849.1 |
        Temple |    264 |    243 |     21 |      0 |    221 |   1 |  264.0 |
          Lair |   6464 |   5790 |    674 |    988 |   3203 |   5 | 1292.8 |
         Swamp |   5513 |   5245 |    268 |   2442 |   1579 |   4 | 1378.2 |
   Spider Nest |   7178 |   6909 |    269 |   3141 |   2123 |   4 | 1794.5 |
    Slime Pits |    996 |    951 |     45 |    454 |    241 |   3 |  332.0 |
  Orcish Mines |   1516 |   1334 |    182 |    253 |    567 |   2 |  758.0 |
   Elven Halls |   2134 |   1993 |    141 |    492 |   1108 |   3 |  711.3 |
        Vaults |   5410 |   5288 |    122 |   1714 |   2372 |   3 | 1803.3 |
         Abyss |    521 |    521 |      0 |    171 |     71 |   2 |  260.5 |
       Volcano |    432 |    432 |      0 |     28 |     99 |   1 |  432.0 |
      Gauntlet |    198 |    198 |      0 |      0 |     82 |   1 |  198.0 |
               +--------+--------+--------+--------+--------+-----+--------+

Top non-repeatable levels by time:
Spider:4: 3072 daAuts
  Lair:5: 1987 daAuts
Spider:1: 1952 daAuts
Vaults:1: 1949 daAuts
Vaults:2: 1797 daAuts
 Swamp:4: 1745 daAuts
Vaults:3: 1664 daAuts
 Swamp:3: 1540 daAuts
     D:8: 1441 daAuts
 Swamp:2: 1418 daAuts
Spider:2: 1365 daAuts
  Lair:1: 1304 daAuts
   Elf:1: 1294 daAuts
  Lair:2: 1270 daAuts
     D:6: 1168 daAuts

Table legend:
 A = Kills in this place as a percentage of kills in the entire game.
 B = Kills by you in this place as a percentage of kills by you in the entire game.
 C = Kills by friends in this place as a percentage of kills by friends in the entire game.
 D = Other kills in this place as a percentage of other kills in the entire game.
 E = Experience gained in this place as a percentage of experience gained in the entire game.
 F = Experience gained in this place divided by the number of levels of this place that you have seen.
                   A       B       C       D       E      F
               +-------+-------+-------+-------+-------+----------------------
         Total | 100.0 | 100.0 |   N/A | 100.0 | 100.0 | 12638.2
       Dungeon |  26.2 |  26.2 |   N/A |  16.7 |  13.2 | 4885.7
          Lair |  17.3 |  17.3 |   N/A |  33.3 |  11.8 | 13127.2
         Swamp |   9.9 |   9.8 |   N/A |  33.3 |  13.8 | 19195.0
   Spider Nest |  17.7 |  17.7 |   N/A |   0.0 |  20.4 | 28349.2
    Slime Pits |   2.2 |   2.2 |   N/A |   0.0 |   2.9 | 5403.7
  Orcish Mines |   5.6 |   5.6 |   N/A |   0.0 |   2.6 | 7291.5
   Elven Halls |   4.6 |   4.6 |   N/A |   0.0 |   6.8 | 12628.0
        Vaults |  13.3 |  13.3 |   N/A |  16.7 |  24.8 | 45956.3
         Abyss |   2.6 |   2.6 |   N/A |   0.0 |   2.5 | 6960.0
       Volcano |   0.7 |   0.8 |   N/A |   0.0 |   1.2 | 6514.0
               +-------+-------+-------+-------+-------+----------------------
